 Dungeon Sprint DCSS version 0.20-a0-959-gdc9e609 (webtiles) character file.

2967 Eleusis the Scorcher (level 9, -24/70 HPs)
             Began as a Naga Fire Elementalist on Apr 6, 2017.
             Was the Champion of Makhleb.
             Killed from afar by an ophan (43 damage)
             ... with a bolt of fire
             ... in the Dungeon (Sprint V: "Ziggurat Sprint").
             The game lasted 00:37:13 (956 turns).

Eleusis the Scorcher (Naga Fire Elementalist)        Turns: 956, Time: 00:37:14

Health: -24/70     AC: 16    Str: 19    XL:     9   Next: 82%
Magic:  19/33      EV: 12    Int: 26    God:    Makhleb [******]
Gold:   0          SH:  8    Dex: 11    Spells: 2/20 levels left

rFire    x . .     SeeInvis +   U - staff of power
rCold    + + +     Gourm    .   L - +3 buckler
rNeg     + . .     Faith    .   K - +9 ice dragon scales
rPois    +         Spirit   .   (no helmet)
rElec    .         Reflect  .   X - scarf {rC+}
rCorr    .         Harm     .   (no gloves)
MR       +....     NoTele   +   (no barding)
Stlth    ..........             (no amulet)
Regen    0.3/turn               F - +6 ring of intelligence
MPRegen  0.3/turn               D - ring of Jabet {+Fly rN+ EV+5 Str+9 Slay-2}

@: hasted, glowing, studying Axes, quick
A: see invisible, deformed body, poison resistance, slowness 2, slow metabolism
1, spit poison 1, AC +3
a: Spit Poison, Minor Destruction, Lesser Servant of Makhleb, Major Destruction,
Greater Servant of Makhleb, Renounce Religion, Evoke Flight


You were in the Dungeon.
You worshipped Makhleb.
Makhleb was exalted by your worship.
You were not hungry.

You visited 1 branch

Inventory:

Hand Weapons
 O - a +5 broad axe
 P - a +5 executioner's axe
 Q - the +6 Majin-Bo {vamp, Archmagi MP+6 Int+6}
   (You found it in the Dungeon)

   It inflicts no extra harm, but heals its wielder when it wounds a living foe.
   It affects your intelligence (+6).
   It affects your magic capacity (+6).
 T - the +8 lance "Wyrmbane" {slay drac, rPois rF+ rC+ AC+3}
   (You found it in the Dungeon)

   It affects your AC (+3).
   It protects you from fire.
   It protects you from cold.
   It protects you from poison.
Armour
 K - +9 ice dragon scales (worn)
 L - a +3 buckler (worn)
 M - a +3 large shield
 N - a +3 shield
 S - the +18 shield of the Gong {rElec rN+ MR+ EV-5}
   (You found it in the Dungeon)

   It affects your evasion (-5).
   It insulates you from electricity.
   It protects you from negative energy.
   It affects your resistance to hostile enchantments.
 V - the +2 robe of the Endless Expanse {+Inv rPois Int+5 Dex-2}
   (You found it in the Dungeon)

   It affects your intelligence (+5).
   It affects your dexterity (-2).
   It protects you from poison.
   It lets you turn invisible.
 X - a scarf of cold resistance (worn)
Magical Staves
 a - an uncursed staff of fire
 k - an uncursed staff of conjuration
 H - an uncursed staff of wizardry
 U - an uncursed staff of power (weapon)
Jewellery
 D - the ring of Jabet (right hand) {+Fly rN+ EV+5 Str+9 Slay-2}
   (You found it in the Dungeon)

   [ring of evasion]

   It affects your evasion (+5).
   It affects your strength (+9).
   It affects your accuracy and damage with ranged weapons and melee attacks
   (-2).
   It protects you from negative energy.
   It lets you fly.
 F - a +6 ring of intelligence (left hand)
 G - a +6 ring of intelligence
 J - an uncursed ring of flight
 W - an uncursed ring of positive energy
 Z - an uncursed ring of resist corrosion
Wands
 y - a wand of disintegration (2/24)
 z - a wand of iceblast (3/15)
 A - a wand of lightning (5/15)
 B - a wand of acid (3/15)
Scrolls
 i - 3 scrolls of blinking
 p - 4 scrolls of amnesia
 q - 3 scrolls of recharging
 r - 7 scrolls of fog
 s - a scroll of holy word
 t - 5 scrolls of identify
 u - 4 scrolls of remove curse
 v - 2 scrolls of fear
Potions
 d - 10 potions of curing
 e - 9 potions of heal wounds
 f - 5 potions of haste
 g - 7 potions of magic
 h - a potion of berserk rage
 j - a potion of brilliance
 l - 4 potions of resistance
 n - 5 potions of agility
 o - 4 potions of might
Books
 b - a book of Flames

   Spells                             Type                      Level
   a - Flame Tongue                   Conjuration/Fire             1
   b - Throw Flame                    Conjuration/Fire             2
   c - Conjure Flame                  Conjuration/Fire             3
   d - Inner Flame                    Hexes/Fire                   3
   e - Sticky Flame                   Conjuration/Fire             4
   f - Fireball                       Conjuration/Fire             5
 m - Sif Muna's Catalogue of Fiery Ice
   (You found it in the Dungeon)

   Spells                             Type                      Level
   a - Conjure Flame                  Conjuration/Fire             3
   b - Inner Flame                    Hexes/Fire                   3
   c - Throw Icicle                   Conjuration/Ice              4
   d - Summon Ice Beast               Ice/Summoning                4
   e - Ozocubu's Refrigeration        Ice                          6
 E - a manual of Axes
 I - a book of the Dragon

   Spells                             Type                      Level
   a - Flame Tongue                   Conjuration/Fire             1
   b - Cause Fear                     Hexes                        4
   c - Bolt of Fire                   Conjuration/Fire             6
   d - Dragon Form                    Transmutation                7
   e - Dragon's Call                  Summoning                    9
 Y - a book of Unlife

   Spells                             Type                      Level
   a - Recall                         Summoning/Translocation      3
   b - Animate Dead                   Necromancy                   4
   c - Control Undead                 Necromancy                   4
   d - Cigotuvi's Embrace             Necromancy                   5
   e - Death Channel                  Necromancy                   6
   f - Simulacrum                     Ice/Necromancy               6
Miscellaneous
 C - a crystal ball of energy
 R - a phantom mirror
Comestibles
 c - 5 bread rations
 w - 38 fruits
 x - 4 meat rations


   Skills:
 - Level 1.0 Fighting
 - Level 1.5 Dodging
 - Level 3.0 Stealth
 * Level 5.1 Shields
 * Level 6.2 Spellcasting
 * Level 12.3 Conjurations
 + Level 15.5 Fire Magic


You had 2 spell levels left.
You knew the following spells:

 Your Spells              Type           Power        Failure   Level  Hunger
a - Flame Tongue          Conj/Fire      #####        1%          1    None
b - Throw Flame           Conj/Fire      ######       1%          2    None
c - Sticky Flame          Conj/Fire      ######..     1%          4    ###....
d - Fireball              Conj/Fire      ######....   2%          5    #####..
e - Bolt of Fire          Conj/Fire      ######....   14%         6    ######.


Dungeon Overview and Level Annotations

Branches:
Dungeon (1/1)

Altars:
Ashenzari
Cheibriados
Dithmenos
Elyvilon
Fedhas
Gozag
Hepliaklqana
Kikubaaqudgha
Makhleb
Nemelex Xobeh
Okawaru
Qazlal
Ru
Sif Muna
Trog
Uskayaw
Vehumet
Wu Jian
Xom
Yredelemnul
Zin
The Shining One
Beogh
Jiyva
Lugonu


Innate Abilities, Weirdness & Mutations

You cannot wear boots.
Your serpentine skin is tough. (AC +3)
You have supernaturally acute eyesight. (SInv)
Armour fits poorly on your strangely shaped body.
Your system is resistant to poisons. (rPois)
You cover ground very slowly.
You have a slow metabolism.
You can spit poison.


Message History

The ophan is heavily wounded.
The ophan pulsates ominously.
Unknown command.
You feel yourself speed up. The apis closely misses you.
Okay, then.
Really slither into that cloud of blessed fire?
You are engulfed in blessed fire.
The ophan harnesses the cleansing power of fire!
The bolt of fire hits you! The fire burns you terribly! The apis gores you.
The daeva calls down the wrath of the Shining One upon you.
The Shining One smites you!
* * * LOW HITPOINT WARNING * * *
Unknown command.
Okay, then.
You feel much better.
You are engulfed in blessed fire.
* * * LOW HITPOINT WARNING * * *
The ophan harnesses the cleansing power of fire!
The bolt of fire hits you! The fire burns you terribly!
Ouch! That really hurt!
You die...

▓..)|.||..
▓..=):=)..▓...}}[[..
▓.........▓......)..
▓.........▓.........
▓.........▓.........
▓.........▓.........
▓.GAD.....▓.▓.....▓.
▓.▓§YA..▓.▓.........
▓..@.GD...▓▓▓▓▓▓▓▓▓▓
▓▓▓▓▓▓▓▓▓▓▓


You could see an apis, 2 daevas, 2 pearl dragons and 2 ophanim.

Vanquished Creatures
  A thrashing horror (D)
  4 spriggans (D)
  3 water moccasins (D)
  A hell hound (D)
  3 black bears (D)
  A phantom (D)
  6 wolves (D)
  An earth elemental (D)
  A wight (D)
  2 crimson imps (D)
  3 quasits (D)
  3 iron imps (D)
  3 orc wizards (D)
  An adder (D)
  2 shadow imps (D)
  A white imp (D)
  An ufetubus (D)
  2 adder zombies (D)
  4 adder skeletons (D)
  3 ball pythons (D)
  A bat skeleton (D)
  2 bat zombies (D)
  A giant cockroach zombie (D)
50 creatures vanquished.

Notes
Turn   | Place    | Note
-------+----------+-------------------------------------------
     0 | D        | Eleusis the Naga Fire Elementalist began the quest for the Orb.
     0 | D        | Reached XP level 1. HP: 15/15 MP: 3/3
     0 | D        | Found a deep blue altar of Sif Muna.
     0 | D        | Found a sacrificial altar of Ru.
     0 | D        | Found a bloodstained altar of Trog.
     0 | D        | Found a stormy altar of Qazlal.
     0 | D        | Found an iron altar of Okawaru.
     0 | D        | Found a sparkling altar of Nemelex Xobeh.
     0 | D        | Found a blossoming altar of Fedhas.
     2 | D        | Found an ancient bone altar of Kikubaaqudgha.
     2 | D        | Found a viscous altar of Jiyva.
     2 | D        | Found a corrupted altar of Lugonu.
     2 | D        | Found a hazy altar of Hepliaklqana.
     2 | D        | Found a burning altar of Makhleb.
     2 | D        | Found an opulent altar of Gozag.
    62 | D        | Reached skill level 5 in Fire Magic
    62 | D        | Reached XP level 2. HP: 22/22 MP: 5/5
    66 | D        | Learned a level 2 spell: Throw Flame
    73 | D        | Became a worshipper of Makhleb the Destroyer
    93 | D        | Entered arena 1.
   113 | D        | Entered arena 2.
   122 | D        | Reached * piety under Makhleb
   122 | D        | Reached skill level 6 in Fire Magic
   122 | D        | Reached XP level 3. HP: 20/28 MP: 1/6
   124 | D        | Reached XP level 4. HP: 26/36 MP: 1/8
   127 | D        | Reached skill level 7 in Fire Magic
   238 | D        | Learned a level 4 spell: Sticky Flame
   238 | D        | Entered arena 3.
   238 | D        | Noticed Jifecvu the pandemonium lord
   238 | D        | Noticed an orange demon
   239 | D        | Entered arena 4.
   243 | D        | Reached ** piety under Makhleb
   243 | D        | Reached skill level 8 in Fire Magic
   243 | D        | Reached XP level 5. HP: 42/42 MP: 3/10
   268 | D        | Learned a level 5 spell: Fireball
   302 | D        | Entered arena 5.
   302 | D        | Noticed a water moccasin
   302 | D        | Noticed a water moccasin
   302 | D        | Noticed a water moccasin
   304 | D        | Killed a water moccasin
   304 | D        | Reached *** piety under Makhleb
   304 | D        | Reached skill level 5 in Spellcasting
   304 | D        | Reached skill level 10 in Fire Magic
   304 | D        | Reached XP level 6. HP: 49/49 MP: 6/13
   304 | D        | Killed a water moccasin
   308 | D        | Killed a water moccasin
   308 | D        | Reached **** piety under Makhleb
   308 | D        | Reached skill level 11 in Fire Magic
   308 | D        | Reached XP level 7. HP: 51/55 MP: 2/16
   394 | D        | Entered arena 6.
   394 | D        | Noticed a spriggan
   396 | D        | Reached skill level 12 in Fire Magic
   397 | D        | Killed a spriggan
   397 | D        | Reached ***** piety under Makhleb
   397 | D        | Reached skill level 10 in Conjurations
   397 | D        | Reached XP level 8. HP: 62/62 MP: 2/17
   398 | D        | Reached skill level 13 in Fire Magic
   422 | D        | Got the ring of Jabet {+Fly rN+ EV+5 Str+9 Slay-2}
   505 | D        | Entered arena 7.
   505 | D        | Noticed a thrashing horror
   515 | D        | Killed a thrashing horror
   515 | D        | Reached skill level 14 in Fire Magic
   515 | D        | Reached XP level 9. HP: 68/68 MP: 7/18
   542 | D        | Learned a level 6 spell: Bolt of Fire
   569 | D        | Entered arena 8.
   571 | D        | Reached ****** piety under Makhleb
   571 | D        | Reached skill level 15 in Fire Magic
   729 | D        | Entered arena 9.
   732 | D        | Reached skill level 5 in Shields
   750 | D        | Identified Sif Muna's Catalogue of Fiery Ice (You found it in the Dungeon)
   758 | D        | Identified Sif Muna's Catalogue of Fiery Ice (You found it in the Dungeon)
   760 | D        | Identified Sif Muna's Catalogue of Fiery Ice (You found it in the Dungeon)
   764 | D        | Got the ring "Sid Leklol" {*Drain rElec rF- Dex+2 SInv}
   834 | D        | Entered arena 10.
   839 | D        | Reached skill level 1 in Fighting
   852 | D        | Got the +2 robe of the Endless Expanse {+Inv rPois Int+5 Dex-2}
   949 | D        | Entered arena 11.
   949 | D        | Noticed an apis
   949 | D        | Noticed a pearl dragon
   949 | D        | Noticed a daeva
   949 | D        | Noticed an ophan
   950 | D        | Noticed a daeva
   950 | D        | Noticed an ophan
   953 | D        | Noticed a pearl dragon
   956 | D        | Killed from afar by an ophan

Vault maps used:
D:        sprint_v

Skill      XL: |  1  2  3  4  5  6  7  8  9 |
---------------+----------------------------+-----
Conjurations   | 6 7 8 9 10 11 12 | 12.3
Fire Magic     | 5 6 8 10 11 12 14 15 | 15.5
Spellcasting   | 3 5 6 |  6.2
Shields        | 3 5 |  5.1
Fighting       | 1 |  1.0
Dodging        | |  1.5
Stealth        | |  3.0

Action                   |  1- 3 |  4- 6 |  7- 9 || total
-------------------------+-------+-------+-------++-------
Melee: Broad axe         |     4 |     7 |     7 ||    18
       Staff             |       |     3 |     2 ||     5
       Lance             |       |       |    16 ||    16
 Cast: Flame Tongue      |     5 |     2 |       ||     7
       Sticky Flame      |       |     2 |     3 ||     5
       Fireball          |       |     1 |    13 ||    14
       Throw Flame       |       |       |     2 ||     2
       Bolt of Fire      |       |       |     3 ||     3
Evoke: Wand              |       |       |     9 ||     9
  Use: Potion            |     2 |     2 |     3 ||     7
       Scroll            |       |     5 |     1 ||     6
  Eat: Fruit             |       |       |     4 ||     4
       Chunk             |       |       |     1 ||     1
Armor: Ice dragon scales |     5 |    12 |    41 ||    58
Dodge: Dodged            |     4 |     8 |    52 ||    64
Block: Buckler           |       |       |    18 ||    18
